 Dungeon Crawl Stone Soup version 0.29.1-12-g30fa7ad0bf (webtiles) character file.

Game seed: 1129950863501263896

2774 112233 the Thaumaturge (level 9, -4/54 HPs)
             Began as a Deep Elf Earth Elementalist on Dec 23, 2022.
             Was an Initiate of Sif Muna.
             Collided with a stone wall (23 damage)
             ... caused by Erica
             ... on level 8 of the Dungeon.
             The game lasted 00:07:31 (10065 turns).

112233 the Thaumaturge (DEEE)                      Turns: 10065, Time: 00:07:31

Health: -4/54      AC:  9    Str:  9    XL:     9   Next: 42%
Magic:  13/24      EV: 15    Int: 24    God:    Sif Muna [......]
Gold:   337        SH:  0    Dex: 14    Spells: 17/27 levels left

rFire   . . .      SeeInvis +   D - staff of conjuration
rCold   . . .      Faith    .   (no shield)
rNeg    . . .      Spirit   .   a - +0 robe
rPois   .          Reflect  .   F - +1 helmet
rElec   .          Harm     .   (no cloak)
rCorr   .          Rampage  .   (no gloves)
Will    .....                   x - +0 pair of boots
Stlth   ++........              (no amulet)
HPRegen 0.18/turn               n - +4 ring of protection
MPRegen 0.19/turn               z - ring of see invisible

@: very slightly contaminated
A: talons 1, strong 1
a: Renounce Religion


You were on level 8 of the Dungeon.
You worshipped Sif Muna.
Sif Muna was noncommittal.
You visited 2 branches of the dungeon, and saw 9 of its levels.

You collected 337 gold pieces.

Inventory:

Hand Weapons
 g - a +0 quarterstaff
Missiles
 u - a throwing net
Armour
 a - a +0 robe (worn)
 x - a +0 pair of boots (worn)
 F - a +1 helmet (worn)
Magical Staves
 D - a staff of conjuration (weapon)
Jewellery
 j - a ring of fire
 n - a +4 ring of protection (left hand)
 z - a ring of see invisible (right hand)
Wands
 y - a wand of mindburst (15)
 B - a wand of flame (24)
Scrolls
 d - 3 scrolls of poison
 i - 6 scrolls of identify
 m - 2 scrolls of teleportation
 o - 2 scrolls of fear {unknown}
 p - a scroll of torment {unknown}
 q - a scroll of magic mapping {unknown}
 r - a scroll of silence {unknown}
 t - a scroll of fog {unknown}
 A - a scroll of immolation {unknown}
 C - a scroll of enchant armour {unknown}
Potions
 b - a potion of magic
 c - 2 potions of mutation
 e - 2 potions of brilliance
 f - a potion of might {unknown}
 h - a potion of ambrosia {unknown}
 k - a potion of invisibility {unknown}
 l - a potion of berserk rage {unknown}
 s - 2 potions of heal wounds {unknown}
 v - a potion of flight {unknown}
 w - 4 potions of curing {unknown}
 E - a potion of degeneration {unknown}


   Skills:
 + Level 5.2 Fighting
 + Level 8.1 Dodging
 - Level 2.4 Stealth
 + Level 9.7 Spellcasting
 + Level 2.0 Conjurations
 - Level 1.1 Transmutations
 + Level 6.9 Earth Magic


You had 17 spell levels left.
You knew the following spells:

 Your Spells              Type           Power      Damage    Failure   Level
a - Sandblast             Erth           88%        2d18      1%          1
b - Stone Arrow           Conj/Erth      98%        3d13      2%          3
c - Passwall              Tmut/Erth      25%        N/A       1%          2
d - Petrify               Tmut/Erth      31%        N/A       11%         4

Your spell library contained the following spells:

 Spells                   Type           Power      Damage    Failure   Level


Dungeon Overview and Level Annotations

Branches:
Dungeon (8/15)             Temple (1/1) D:4
   Lair: D:8-11

Altars:
Ashenzari
Cheibriados
Dithmenos
Elyvilon
Fedhas
Gozag
Hepliaklqana
Kikubaaqudgha
Makhleb
Nemelex Xobeh
Okawaru
Qazlal
Sif Muna
Trog
Uskayaw
Wu Jian
Xom
Yredelemnul
Zin
The Shining One

Shops:
D:6 [[((

Annotations:
D:8 Erica


Innate Abilities, Weirdness & Mutations

You have sharp toenails.
Your muscles are strong. (Str +4, Int/Dex -1)


Message History

You can't see any susceptible monsters within range! (Use Z to cast anyway.) Unknown command.
Erica drinks a potion.
Erica's spells are empowered!
Casting: Stone Arrow (dangerous; 2% risk of failure)
Confirm with . or Enter, or press ? or * to list all spells.
Aiming: Stone Arrow (dangerous; 2% risk of failure)
Press: ? - help, Shift-Dir - straight line, f - wight
Aim: a wight, wielding a +3 long sword and wearing a +0 robe (76% to hit)
You feel a surge of power!
You miscast Stone Arrow.
You are very lightly contaminated with residual magic.
Nothing appears to happen.
Erica gestures wildly while chanting.
Erica flickers and vanishes for a moment.
Casting: Stone Arrow (dangerous; 2% risk of failure)
Confirm with . or Enter, or press ? or * to list all spells.
Aiming: Sandblast (safe; 1% risk of failure)
Press: ? - help, Shift-Dir - straight line, f/p - wight
Aim: a wight, wielding a +3 long sword and wearing a +0 robe (85% to hit)
The blast of sand hits the wight!!
You destroy the wight!
Sif Muna accepts your kill.
Your Conjurations skill increases to level 2!
Aiming: Mindburst
Press: ? - help, Shift-Dir - straight line, f - Erica
Aim: Erica, wielding a +4 scimitar of flaming and wearing a +2 robe of fire resistance (spells empowered, slightly transparent, chance to affect: 29%) Erica's mind is blasted!
Unknown command.
Casting: Sandblast (safe; 1% risk of failure)
Confirm with . or Enter, or press ? or * to list all spells.
Aiming: Stone Arrow (dangerous; 2% risk of failure)
Press: ? - help, Shift-Dir - straight line, f/p - Erica
Aim: Erica, wielding a +4 scimitar of flaming and wearing a +2 robe of fire resistance (lightly wounded, spells empowered, slightly transparent, 73% to hit)
You feel a surge of power!
The stone arrow hits Erica!
Erica is moderately wounded.
Erica gestures at you while chanting. The lance of force hits you!!
Ouch! That really hurt!
You are knocked back by the lance of force.
You slam into the stone wall!
You die...

... ### .... #.# #....
#.# .# .@.... #.# #.#
###z..@ #.# #.# #...#
#.# #># #####.# #.# #.#
#.@)..# #.######.#
#@######...
#.#......#####.#......#
#.#..............####...
##.#.......#..#####
#..###.###...##
#.####.#...### ### #.#
#....#..# #..
#.###.#.###<# #.#
##.##..#.# #.#### #.#


You could see Erica (empowered, invisible).

Vanquished Creatures
  Pikel (D:5)
  A water moccasin (D:7)
  2 black bears (D:6)
  An orc warrior (D:7)
  A sky beast (D:6)
  An ogre (D:5)
  A lemure (D:5)
  A centaur (D:5)
  2 phantoms
  2 kobold brigands
  2 bullfrogs
  3 necrophages
  2 scorpions
  2 wights (D:8)
  A howler monkey (D:5)
  2 hounds
  4 orc priests
  A gnoll bouda (D:5)
  A jelly (D:6)
  7 iguanas
  7 orc wizards
  4 adders
  4 gnolls (D:5)
  2 worms
  3 dart slugs
  24 orcs
  8 endoplasms
  12 giant cockroaches
  9 goblins
  8 hobgoblins
  4 jackals (D:1)
  17 kobolds
  5 quokkas
  9 ball pythons
  4 bats
  3 frilled lizards
  3 rats
164 creatures vanquished.

Vanquished Creatures (others)
  11 plants (D:4)
11 creatures vanquished.

Grand Total: 175 creatures vanquished

Notes
Turn   | Place    | Note
-------+----------+-------------------------------------------
     0 | D:1      | 112233 the Deep Elf Earth Elementalist began the quest for
                  | the Orb.
     0 | D:1      | Reached XP level 1. HP: 10/10 MP: 6/6
   236 | D:1      | Reached XP level 2. HP: 15/15 MP: 1/8
   451 | D:1      | Reached skill level 4 in Spellcasting
   829 | D:1      | Reached XP level 3. HP: 19/19 MP: 9/11
  1086 | D:1      | Found a faded altar of an unknown god.
  1675 | D:2      | Reached skill level 5 in Spellcasting
  2258 | D:3      | Reached skill level 1 in Fighting
  2282 | D:3      | Reached XP level 4. HP: 25/25 MP: 9/13
  2349 | D:3      | Learned a level 3 spell: Stone Arrow
  2352 | D:3      | Learned a level 2 spell: Passwall
  2616 | D:3      | Found a broken altar of Ashenzari.
  2699 | D:3      | Found a bloodstained altar of Trog.
  2783 | D:3      | Reached XP level 5. HP: 26/29 MP: 10/15
  3351 | D:4      | Found a hazy altar of Hepliaklqana.
  3762 | D:4      | Found a staircase to the Ecumenical Temple.
  3902 | Temple   | Entered the Ecumenical Temple
  4202 | D:4      | Reached skill level 6 in Spellcasting
  4284 | D:4      | Reached XP level 6. HP: 35/35 MP: 10/17
  4421 | D:5      | Entered Level 5 of the Dungeon
  5214 | D:5      | Reached skill level 5 in Dodging
  5388 | D:5      | Reached XP level 7. HP: 40/40 MP: 14/19
  5427 | D:5      | Reached skill level 7 in Spellcasting
  5452 | D:5      | Noticed Pikel
  5670 | D:5      | Killed Pikel
  5671 | D:5      | Reached skill level 5 in Earth Magic
  5671 | D:5      | Reached XP level 8. HP: 29/48 MP: 0/21
  5975 | D:5      | Reached skill level 8 in Spellcasting
  6345 | D:6      | Gained mutation: You have sharp toenails. [potion of
                  | mutation]
  6345 | D:6      | Gained mutation: Your muscles are strong. (Str +4, Int/Dex
                  | -1) [potion of mutation]
  6717 | D:6      | Found a glowing silver altar of Zin.
  6738 | D:6      | Found Guwoena's Armour Emporium.
  6852 | D:6      | Found Lyint's Armour Emporium.
  6997 | D:6      | Found Imairphal's Weapon Shop.
  7206 | D:6      | Found Goadghuetz's Weapon Boutique.
  7335 | D:6      | Reached skill level 9 in Spellcasting
  7623 | D:6      | Found an ancient bone altar of Kikubaaqudgha.
  7628 | D:6      | Found an iron altar of Okawaru.
  7631 | D:6      | Found a shimmering blue altar of Sif Muna.
  7754 | D:6      | Reached XP level 9. HP: 45/53 MP: 5/24
  7804 | D:6      | Became a worshipper of Sif Muna the Loreminder
  8588 | D:6      | Learned a level 4 spell: Petrify
  8672 | D:7      | Reached skill level 5 in Fighting
  8987 | D:7      | Reached skill level 1 in Conjurations
  9407 | D:7      | Identified the +1 pair of boots of the Unseen Realm {*Slow
                  | rPois SInv}
 10054 | D:8      | Noticed Erica
 10065 | D:8      | Collided with a stone wall

Illustrated notes

Levels and vault maps discovered:
D:1:      lightli_arrival_maybe_door_vault, layout_basic,
          dreamdust_ecumenical_altar_angels_and_demons
D:2:      minmay_roachtagon, layout_basic, dk_noncrumbling_3
D:3:      layout_rooms, lightli_temple_of_fire,
          mainiacjoe_overflow_small_starburst, kennysheep_big_empty_room
D:4:      minmay_door_path, layout_basic, nicolae_hepliaklqana_hazy_memory,
          temple_doors_e
D:5:      layout_basic, uniq_pikel
D:6:      layout_rooms, mainiacjoe_overflow_surrounded_room,
          minmay_overflow_temple_star_quad, serial_shops, nicolae_square_shop,
          nicolae_square_shop, shop, shop, minmay_misc_feat_secret_circle,
          st_stairs_11, minivault_27, kennysheep_generic_room_4
D:7:      layout_basic
D:8:      layout_rooms, lair_entry_dummy, uniq_erica
Temple:   dshaligram_water_room_temple

Skill      XL: |  1  2  3  4  5  6  7  8  9 |
---------------+----------------------------+-----
Spellcasting   | 4 5 6 7 9 |  9.7
Dodging        | 3 4 5 6 7 8 |  8.1
Fighting       | 1 2 3 4 5 |  5.2
Earth Magic    | 5 6 |  6.9
Conjurations   | 2 |  2.0
Stealth        | |  2.4
Transmutations | |  1.1

Action                   |  1- 3 |  4- 6 |  7- 9 || total
-------------------------+-------+-------+-------++-------
Melee: Unarmed           |     1 |       |       ||     1
       Quarterstaff      |     1 |     5 |     3 ||     9
       Kick              |       |       |     1 ||     1
 Cast: Sandblast         |    62 |    97 |    24 ||   183
       Stone Arrow       |       |    10 |    93 ||   103
       Passwall          |       |     3 |     3 ||     6
Evoke: Wand              |       |       |     1 ||     1
  Use: Scroll            |       |     2 |     2 ||     4
       Potion            |       |       |     1 ||     1
 Stab: Distracted        |       |       |     1 ||     1
Armor: Robe              |     8 |    27 |    18 ||    53
Dodge: Dodged            |    24 |    49 |    34 ||   107
